 Dungeon Crawl Stone Soup version 0.30-a0-223-gcb0039aa0c (webtiles) character file.

Game seed: 8458321041608226496

163 qw the Chopper (level 5, -10/32 HPs)
             Began as a Gargoyle Fighter on Oct 9, 2022.
             Mangled by Terence
             ... wielding a +0 morningstar
              (13 damage)
             ... on level 3 of the Dungeon.
             The game lasted 00:00:51 (1407 turns).

qw the Chopper (Gargoyle Fighter)                   Turns: 1407, Time: 00:00:51

Health: -10/32     AC: 16    Str: 22    XL:     5   Next: 44%
Magic:  5/5        EV:  6    Int:  8    God:
Gold:   109        SH:  4    Dex:  9    Spells: 4/4 levels left

rFire   . . .      SeeInvis .    Y - +0 war axe
rCold   . . .      Faith    .    c - +0 buckler
rNeg    + . .      Spirit   .    f - +0 plate armour
rPois   inf        Reflect  .    (no helmet)
rElec   +          Harm     .    (no cloak)
rCorr   .          Rampage  .    e - +0 pair of gloves
Will    +....                    (no boots)
Stlth   ..........               (no amulet)
HPRegen 0.25/turn                i - ring of willpower
MPRegen 0.09/turn                (no ring)

@: no status effects
A: sickness immunity, AC +4, negative energy resistance 1, electricity
resistance, torment resistance 1, petrification resistance
a: no special abilities


You were on level 3 of the Dungeon.
You visited 1 branch of the dungeon, and saw 3 of its levels.

You collected 109 gold pieces.


Innate Abilities, Weirdness & Mutations

You are immune to sickness and miasma.
Your stone body is resilient. (AC +4)
You are immune to poison.
You resist negative energy. (rN+)
You are resistant to electric shocks. (rElec)
You are resistant to unholy torment.
You are immune to petrification.


   Skills:
 + Level 3.3 Fighting
 - Level 5.0 Axes
 - Level 3.2 Armour
 - Level 3.2 Shields


You had 4 spell levels left.
You didn't know any spells.
Your spell library was empty.

Inventory:

Hand Weapons
 j - the +1 hand axe of the Water Diviner {flame, rElec rF+ Dex-3}
   (You found it on level 2 of the Dungeon)

   It burns those it strikes, dealing additional fire damage.
   Big, fiery blades are also staple armaments of hydra-hunters.
   Dex:       It affects your dexterity (-3).
   rF:        It protects you from fire.
   rElec:     It insulates you from electricity.
 Y - a +0 war axe (weapon)
Armour
 c - a +0 buckler (worn)
 e - a +0 pair of gloves (worn)
 f - a +0 plate armour (worn)
Jewellery
 i - a ring of willpower (left hand)
Scrolls
 a - a scroll of identify
Potions
 b - a potion of attraction {unknown}
 d - 2 potions of might
 g - a potion of flight {unknown}
 h - a potion of invisibility {unknown}

Dungeon Overview and Level Annotations

Branches:
Dungeon (3/15)

Altars:

Annotations:
D:3 Terence


Message History

The endoplasm freezes you.
You are frozen.
The endoplasm hits you but does no damage.
You slash the endoplasm!
You kill the endoplasm!
You start resting.
HP restored.
Terence the Incautious comes into view.
He is wielding a +0 morningstar.
Terence shouts!
Terence looks scornfully at you.
Terence drinks a potion.
Terence seems to grow stronger.
You hit Terence.
Terence is lightly wounded.
Terence barely misses you.
You closely miss Terence.
Terence is lightly wounded.
You block Terence's attack. Terence barely misses you.
You hit Terence.
Terence is moderately wounded.
You block Terence's attack.
You hit Terence but do no damage.
Terence is moderately wounded.
Terence closely misses you.
You hit Terence.
Terence is heavily wounded.
Terence hits you with a +0 morningstar.
You completely miss Terence.
Terence is heavily wounded.
You block Terence's attack. Terence hits you with a +0 morningstar.
You hit Terence.
Terence is severely wounded.
Terence hits you with a +0 morningstar!
Ouch! That really hurt!
You barely miss Terence.
Terence is severely wounded.
Terence hits you with a +0 morningstar.
You hit Terence.
Terence is almost dead.
Terence hits you with a +0 morningstar. Terence hits you with a +0 morningstar!
You die...

...~. ... ..###..~.#
.~.... .......~.# .~....
#......¤.. .~....
#......~.#####¤¤....
#......~..¤...$~....
#......~~~~~~~~~....
#.........¤.........
#.....#.....@@..##.
#####.....#.###....#....
..........#.###.#.## ..
...............(#.#
......<..##.#####.#
.......%.##.#...#.##
.......)...........
#########.#.#...#.#
#.....#.#.#.#.###..#


You could see Terence (strong).

Vanquished Creatures
  A gnoll sergeant (D:2)
  3 gnolls (D:2)
  An adder (D:2)
  2 worms (D:2)
  A dart slug (D:2)
  10 bats
  8 endoplasms
  A giant cockroach (D:1)
  2 goblins
  5 hobgoblins (D:1)
  A quokka (D:1)
  12 ball pythons
  3 frilled lizards
  2 kobolds
  A rat (D:1)
53 creatures vanquished.

Notes
Turn   | Place    | Note
-------+----------+-------------------------------------------
     0 | D:1      | qw the Gargoyle Fighter began the quest for the Orb.
     0 | D:1      | Reached XP level 1. HP: 14/14 MP: 1/1
     0 | D:1      | 0 ||| qw: Version: 0.2-a-17-g06abaee
     0 | D:1      | 0 ||| qw: Game counter: 2092
     0 | D:1      | 0 ||| qw: Always use a shield: true
     0 | D:1      | 0 ||| qw: God list: Okawaru
     0 | D:1      | 0 ||| qw: Allow faded altars: false
     0 | D:1      | 0 ||| qw: Do Orc after D:15 true
     0 | D:1      | 0 ||| qw: Do second Lair branch before Depths: true
     0 | D:1      | 0 ||| qw: Lair rune preference: random
     0 | D:1      | 0 ||| qw: Plans: Normal, Zot:1-4, God:TSO, Crypt, Tomb,
                  | Pan, Slime:5, Hells, Abyss, Orb
     0 | D:1      | 0 ||| PLANNING D:1-11
    26 | D:1      | Reached skill level 2 in Axes
    69 | D:1      | 69 ||| Stepping ~*~*~tactically~*~*~ (stealth).
    79 | D:1      | Reached XP level 2. HP: 14/19 MP: 2/2
   101 | D:1      | Found a faded altar of an unknown god.
   340 | D:1      | Reached skill level 3 in Axes
   369 | D:1      | Reached XP level 3. HP: 23/23 MP: 3/3
   583 | D:1      | 583 ||| UPGRADING to +0 plate armour.
   593 | D:1      | 593 ||| DROPPING +0 scale mail.
   594 | D:1      | 594 ||| READING 2 scrolls labelled QULITW KUREB.
   595 | D:1      | 595 ||| READING scroll labelled PIANARH YNUS.
   596 | D:1      | 596 ||| READING scroll labelled QOCAUL OBRA.
   601 | D:1      | 601 ||| READING scroll labelled WAD HEUZIBIKH.
   602 | D:1      | 602 ||| DROPPING scroll of blinking.
   625 | D:2      | 625 ||| STAIRDANCE
   744 | D:2      | 744 ||| Stepping ~*~*~tactically~*~*~ (hiding).
   970 | D:2      | Reached XP level 4. HP: 28/28 MP: 4/4
  1118 | D:2      | Reached skill level 4 in Axes
  1194 | D:2      | Identified the +1 hand axe of the Water Diviner {flame,
                  | rElec rF+ Dex-3}
  1194 | D:2      | Noticed a gnoll sergeant
  1194 | D:2      | Found the +3 woodcutter's axe {vorpal}
  1196 | D:2      | 1196 ||| DROPPING +0 club.
  1199 | D:2      | 1199 ||| UPGRADING to +0 pair of gloves.
  1217 | D:2      | Killed a gnoll sergeant
  1218 | D:2      | Reached skill level 5 in Axes
  1218 | D:2      | Reached XP level 5. HP: 17/32 MP: 5/5
  1283 | D:2      | 1283 ||| UPGRADING to ring of willpower.
  1392 | D:3      | Noticed Terence
  1406 | D:3      | HP: 4/32 [Terence/+0 morningstar (6)]
  1407 | D:3      | Mangled by Terence

Levels and vault maps discovered:
D:1:      minmay_arrival_solitary_statue, layout_rooms,
          hellmonk_ecumenical_altar_blasted
D:2:      layout_rooms, pf_guarded_unrand_woodcutter
D:3:      layout_basic, mainiacjoe_overflow_catwalk, slow_altar_2,
          mainiacjoe_overflow_brackets, nicolae_tso_carved_into_rock,
          serial_shops, nicolae_shop_window_shopping, uniq_terence

Skill      XL: |  1  2  3  4 |
---------------+-------------+-----
Axes           | 2 3 5 |  5.0
Fighting       | |  3.3
Armour         | |  3.2
Shields        | |  3.2

Action                   |  1- 3 |  4- 6 || total
-------------------------+-------+-------++-------
Melee: War axe           |   118 |    48 ||   166
  Use: Scroll            |     4 |       ||     4
Armor: Scale mail        |    25 |       ||    25
       Plate armour      |    53 |    20 ||    73
Dodge: Dodged            |    40 |    12 ||    52
Block: Buckler           |    19 |     9 ||    28

Table legend:
 A = Non-vault XP
 B = Vault XP
 C = Vault XP percentage of total XP
 D = Non-vault monster count
 E = Vault monster count
 F = Vault count percentage of total count
                 A         B        C        D         E       F
            +---------+---------+-------+---------+---------+-------
      Total |     103 |     131 |  56.0 |      49 |       4 |   7.5
            +---------+---------+-------+---------+---------+-------
        D:1 |      45 |       0 |   0.0 |      27 |       0 |   0.0
        D:2 |      53 |     131 |  71.2 |      19 |       4 |  17.4
        D:3 |       5 |       0 |   0.0 |       3 |       0 |   0.0
            +---------+---------+-------+---------+---------+-------
